 Dungeon Crawl Stone Soup version 0.17.1-3-g152610e (webtiles) character file.

104 Goblin1989 the Shooter (level 4, -6/54 HPs)
             Began as a Centaur Hunter on Mar 12, 2016.
             Mangled by Edmund
             ... wielding a +5 flail of protection
              (9 damage)
             ... on level 4 of the Dungeon on Mar 13, 2016.
             The game lasted 00:10:55 (3548 turns).

Goblin1989 the Shooter (Centaur Hunter)             Turns: 3548, Time: 00:10:55

Health: -6/54      AC: 22    Str: 14      XL:     4   Next: 52%
Magic:  4/4        EV:  1    Int: 15      God:
Gold:   96         SH:  0    Dex:  8 (11) Spells: 0 memorised, 3 levels left

rFire  . . .     SeeInvis .     b - +0 spear
rCold  . . .     Clarity  .     (armour currently unavailable)
rNeg   + + +     SustAt   .     (no shield)
rPois  +         Gourm    .     (helmet currently unavailable)
rElec  .         Spirit   .     (cloak currently unavailable)
rCorr  .         Warding  .     (gloves currently unavailable)
rMut   .         NoTele   +     (no barding)
MR     .....                    (no amulet)
Stlth  +.........               (no ring)
                                (no ring)

@: brilliant, tree-form (expiring), not resistant to hostile enchantments, very
unstealthy
A: (hooves 0), (deformed body), (speed 0), (tough skin 0)
a: no special abilities


You were on level 4 of the Dungeon.
You were not hungry.
You were a tree.
You visited 1 branch of the dungeon, and saw 4 of its levels.

You collected 96 gold pieces.

Inventory:

Hand Weapons
 a - a +1 shortbow
 b - a +0 spear (weapon)
 w - the +9 dagger "Mishos" {pain, rN+ Int+4 Dex+5, unknown}
   (You found it on level 4 of the Dungeon)

   In the hands of one skilled in necromantic magic, it inflicts extra damage on
   living creatures.
   It affects your intelligence (+4).
   It affects your dexterity (+5).
   It protects you from negative energy.
Missiles
 d - 3 arrows
Armour
 c - a +0 leather armour (melded)
 k - a +0 ice dragon armour
Scrolls
 j - 3 scrolls of enchant weapon {unknown}
 o - 2 scrolls of remove curse {unknown}
 r - 3 scrolls of identify {unknown}
 s - a scroll of fog {unknown}
 t - a scroll of fear {unknown}
 u - a scroll of blinking {unknown}
 v - a scroll of random uselessness {unknown}
Potions
 f - a potion of curing
 n - 2 potions of degeneration
 q - a potion of might {unknown}
Comestibles
 e - a bread ration
 g - 2 meat rations
 l - 2 fruits
 m - a beef jerky


   Skills:
 - Level 2.0 Fighting
 * Level 2.9 Polearms
 + Level 6.4 Bows
 - Level 1.3 Dodging
 - Level 0.5 Stealth


You had 3 spell levels left.
You didn't know any spells.

Dungeon Overview and Level Annotations

Branches:
Dungeon (4/15)
 Temple: D:4-7

Altars:
Ashenzari
Cheibriados
Qazlal
The Shining One

Annotations:
D:3 Sigmund
D:4 Edmund


Innate Abilities, Weirdness & Mutations

((You have hooves in place of feet.))
((Armour fits poorly on your strangely shaped body.))
((You cover ground very quickly.))
((You have extremely tough skin (AC +3).))


Message History

Edmund hits you with a flail of protection!
* * * LOW HITPOINT WARNING * * *
You hit Edmund but do no damage.
Edmund is moderately wounded.
You hit Edmund but do no damage.
Edmund is moderately wounded.
Edmund barely misses you.
You hit Edmund but do no damage.
Edmund is moderately wounded.
Your transformation is almost over.
Edmund hits you but does no damage.
You closely miss Edmund.
Edmund is moderately wounded.
Edmund hits you but does no damage.
Unknown command.
You hit Edmund but do no damage.
Edmund is moderately wounded.
Edmund grinds his teeth, and then sighs.
Edmund hits you with a flail of protection!
You die...

..# #.. .# ###. # .# # ## ..
.# ##. ... .# ... ###.# .###
###.# ##.#..# ...######...#
#....#
.#........################...#
.####..........@♣............#
.#
##.####################.......
.###..# #...#... .....##
##....## #.#### ....# ..#
.....# .## .....# ## .....# #


You could see Edmund.

Vanquished Creatures
  A worker ant (D:4)
  2 adders
  An ooze (D:2)
  A worm (D:2)
  4 giant geckos
  A ball python (D:3)
  8 bats
  6 giant cockroaches
  6 goblins
  5 hobgoblins
  3 jackals (D:2)
  11 kobolds
  A quokka (D:2)
  2 giant newts (D:2)
  2 rats
54 creatures vanquished.

Notes
Turn   | Place    | Note
--------------------------------------------------------------
     0 | D:1      | Goblin1989 the Centaur Hunter began the quest for the Orb.
     0 | D:1      | Reached XP level 1. HP: 17/17 MP: 1/1
   535 | D:1      | Reached XP level 2. HP: 24/24 MP: 2/2
   561 | D:1      | Reached skill level 1 in Polearms
  1446 | D:2      | Reached XP level 3. HP: 4/29 MP: 3/3
  1824 | D:2      | Found a shattered altar of Ashenzari.
  1858 | D:2      | Found a glowing golden altar of the Shining One.
  1988 | D:2      | Reached skill level 6 in Bows
  2295 | D:2      | You fall through a shaft!
  2354 | D:3      | Found a snail-covered altar of Cheibriados.
  2354 | D:3      | Found a stormy altar of Qazlal.
  2497 | D:3      | Noticed Sigmund
  2573 | D:2      | Reached XP level 4. HP: 36/36 MP: 4/4
  3090 | D:4      | Noticed an ogre
  3472 | D:4      | Noticed Edmund
  3474 | D:4      | Got a steaming dagger
  3548 | D:4      | Mangled by Edmund

Action                   |  1- 3 |  4- 6 || total
-------------------------+-------+-------++-------
Melee: Spear             |   181 |    97 ||   278
       Short sword       |     1 |       ||     1
 Fire: Shortbow          |    39 |       ||    39
  Use: Potion            |       |     5 ||     5
  Eat: Chunk             |     4 |     3 ||     7
